 Dungeon Crawl Stone Soup version 0.31-a0-859-g9dce7d3444 (webtiles) character file.

Game seed: 947805139639252569

47 lunkers the Insei (level 4, 0/35 HPs)
             Began as a Meteoran Shapeshifter on Oct 9, 2023.
             Was a Believer of Nemelex Xobeh.
             Slain by a gnoll
             ... wielding a +0 spear
              (6 damage)
             ... on level 3 of the Dungeon.
             The game lasted 00:01:35 (929 turns).

lunkers the Insei (Meteoran Shapeshifter)            Turns: 929, Time: 00:01:36

Health: 0/35       AC:  2    Str: 15    XL:     4   Next: 17%
Magic:  5/5        EV: 12    Int: 12    God:    Nemelex Xobeh [**....]
Gold:   67         SH:  0    Dex: 15    Spells: 3/3 levels left

rFire   . .          .
                       - Unarmed
rCold   . . .        (no shield)
rNeg    . . .        a - +0 animal skin
rPois   .            (helmet currently unavailable)
rElec   .            (cloak currently unavailable)
rCorr   .            (gloves currently unavailable)
SInv    .            (boots currently unavailable)
Will    .....        (no amulet)
Stlth   +            e - ring of flight
HPRegen 0.25/turn    (no ring)
MPRegen 0.09/turn

%: no passive effects
@: beast-form, flying, glowing
A: beast (slay +2), sense surroundings 1, otherworldly, glowing, explore regen
a: Begin Untransformation, Renounce Religion, Draw Escape, Draw Destruction,
Draw Summoning


You were on level 3 of the Dungeon.
You worshipped Nemelex Xobeh.
Nemelex Xobeh was pleased with you.
You were a hulking beast.
You visited 1 branch of the dungeon, and saw 3 of its levels.

You collected 67 gold pieces.

Inventory:

Armour
 a - a +0 animal skin (worn)
Jewellery
 e - a ring of flight (left hand)
Talismans
 c - a beast talisman (active)
 d - a flux talisman
Scrolls
 f - 4 scrolls of identify {unknown}
 g - a scroll of silence {unknown}
 i - a scroll of amnesia {unknown}
Potions
 b - a potion of lignification
 h - 2 potions of might {unknown}
 j - a potion of curing {unknown}
 k - a potion of ambrosia {unknown}
 l - a potion of enlightenment {unknown}
 m - a potion of degeneration {unknown}
 n - a potion of attraction {unknown}
 o - a potion of cancellation {unknown}
 p - 2 potions of heal wounds {unknown}


   Skills:
 - Level 1.1 Fighting
 - Level 2.1 Dodging
 * Level 5.0 Unarmed Combat
 + Level 4.2 Shapeshifting


You had 3 spell levels left.
You didn't know any spells.
Your spell library was empty.

Dungeon Overview and Level Annotations

Branches:
Dungeon (3/15) Zot: 878

Altars:
Nemelex Xobeh


Innate Abilities, Weirdness & Mutations

You are a hulking beast.
Your limbs bulge with bestial killing power. (Slay +2)
You passively map a small area around you.
You are easily found by Zot.
You glow in the dark.
You regain HP and MP as you explore.


Message History

Okay, then.
There is a stone staircase leading down here.
You climb downwards.
There is a stone staircase leading up here.
Okay, then.
You fly up into the air.
e - a ring of flight (left hand)
A gnoll comes into view. It is wielding a +0 halberd.
The gnoll shouts!
A gnoll comes into view. It is wielding a +2 whip of flaming.
The gnoll shouts!
A gnoll comes into view. It is wielding a +0 spear.
There are monsters nearby!
Found a stone staircase leading up.
A kobold comes into view.
It is wielding a +0 whip and quivering poisoned darts.
The gnoll closely misses you. The gnoll hits you with a +0 halberd!
* * * LOW HITPOINT WARNING * * *
Okay, then.
Okay, then.
Okay, then.
You punch the gnoll!
The gnoll is almost dead.
You punch the gnoll!
The gnoll is heavily wounded.
The gnoll closely misses you.
You barely miss the gnoll.
The gnoll is heavily wounded.
The gnoll hits you from afar with a +0 halberd.
* * * LOW HITPOINT WARNING * * *
The gnoll misses you.
You punch the gnoll!
You kill the gnoll!
The gnoll hits you from afar with a +0 halberd!
* * * LOW HITPOINT WARNING * * *
Your Unarmed Combat skill increases to level 5!
You have reached level 4!
The gnoll hits you from afar with a +0 spear.
You die...
Your body disappears without additional glow.

, ,, , .... , ,
.#.** ..# #######
* * .. #.....# # *
* #.##.....# ...,
#..#.....# *
,..♣..####.......#
,,
.....ggh........#
,
..<..K#####.....#
..... #.....# * ,
♣... #.<...# ,...
####### ** ##**


You could see 2 gnolls and a kobold.

Vanquished Creatures
  A gnoll (D:3)
  2 dart slugs (D:1)
  3 orcs (D:2)
  2 bats
  2 endoplasms (D:2)
  2 giant cockroaches (D:2)
  A goblin (D:1)
  2 hobgoblins
  2 quokkas
  6 ball pythons (D:2)
  A frilled lizard (D:1)
  3 kobolds
  2 rats (D:2)
29 creatures vanquished.

Notes
Turn   | Place    | Note
-------+----------+-------------------------------------------
     0 | D:1      | lunkers the Meteoran Shapeshifter began the quest for the
                  | Orb.
     0 | D:1      | Reached XP level 1. HP: 16/16 MP: 2/2
    93 | D:1      | Reached skill level 4 in Unarmed Combat
    93 | D:1      | Reached XP level 2. HP: 16/23 MP: 3/3
   273 | D:2      | Found a faded altar of an unknown god.
   276 | D:2      | Prayed at the altar of an unknown god.
   276 | D:2      | Became a worshipper of Nemelex Xobeh the Trickster
   276 | D:2      | Reached * piety under Nemelex Xobeh
   276 | D:2      | Received a gift from Nemelex Xobeh
   352 | D:2      | Reached XP level 3. HP: 28/28 MP: 4/4
   742 | D:2      | Reached ** piety under Nemelex Xobeh
   929 | D:3      | Reached skill level 5 in Unarmed Combat
   929 | D:3      | Reached XP level 4. HP: 3/35 MP: 5/5
   929 | D:3      | Slain by a gnoll

Illustrated notes

Levels and vault maps discovered:
D:1:      minmay_arrival_up_and_down, layout_basic, st_stairs_12,
          chequers_serial_rivers_micro_a, corexii_leaking_fountain,
          chequers_serial_rivers_micro_c
D:2:      layout_basic, nicolae_ecumenical_pavilion
D:3:      layout_rooms, vehumet_statue, nicolae_uskayaw_suspiria, slow_altar_1,
          corexii_shack, grunt_ministairs_1

Skill      XL: |  1  2  3 |
---------------+----------+-----
Unarmed Combat | 4 5 |  5.0
Shapeshifting  | 4 |  4.2
Fighting       | |  1.1
Dodging        | |  2.1

Action                     |  1- 3 |  4- 6 || total
---------------------------+-------+-------++-------
  Melee: Unarmed           |    89 |       ||    89
         Punch             |     2 |       ||     2
 Armour: Animal skin       |    37 |     1 ||    38
  Dodge: Dodged            |    48 |       ||    48

Table legend: (Time is in decaauts)
 A = Elapsed time spent in this place.
 B = Non-inter-level travel time spent in this place.
 C = Inter-level travel time spent in this place.
 D = Time resting spent in this place.
 E = Time spent auto-exploring this place.
 F = Levels seen in this place.
 G = Mean time per level.
                   A        B        C        D        E       F      G
               +--------+--------+--------+--------+--------+-----+--------+
         Total |    921 |    921 |      0 |      0 |    690 |   3 |  307.0 |
       Dungeon |    921 |    921 |      0 |      0 |    690 |   3 |  307.0 |
               +--------+--------+--------+--------+--------+-----+--------+

Top non-repeatable levels by time:
     D:2: 640 daAuts
     D:1: 270 daAuts
     D:3: 10 daAuts
